TOP OF THE 1ST |
Oklahoma State Cowboys batting - Pitching for Purdue Boilermakers : RHP Bill Washington
|
Pitching: RHP Bill Washington
|
|
Batting: RHB Ricardo Toledo
|
0-0: Ball 1-0: Ball 2-0: Ground out U3 (Groundball, 3S)
|
Batting: SHB Simon Spencer
|
0-0: Called Strike 0-1: Called Strike 0-2: Ball 1-2: Strikes out swinging
|
Batting: SHB Jacob Lachance
|
0-0: Ball 1-0: Foul Ball, location: 2F 1-1: Ball 2-1: Swinging Strike 2-2: Strikes out swinging
|
Top of the 1st over - 0 runs, 0 hits, 0 errors, 0 left on base; Oklahoma State 0 - Purdue 0 |
BOTTOM OF THE 1ST |
Purdue Boilermakers batting - Pitching for Oklahoma State Cowboys : RHP Mike Williams
|
Pitching: RHP Mike Williams
|
|
Batting: RHB Aaron Baker
|
0-0: Fly out, F9 (Flyball, 89D)
|
Batting: RHB Mark Jordan
|
0-0: Ball 1-0: Ball 2-0: Ball 3-0: Base on Balls
|
Batting: SHB Bryan Atkins
|
0-0: Ball 1-0: SINGLE (Groundball, 34S) (infield hit) Mark Jordan to second
|
Batting: RHB Reggie Calhoun
|
0-0: Called Strike 0-1: Ball 1-1: Foul Ball, location: 2F 1-2: Ball 2-2: Strikes out swinging
|
Batting: RHB Ryan Carpenter
|
0-0: Called Strike 0-1: Swinging Strike 0-2: Ball 1-2: Ball 2-2: Ball 3-2: Foul Ball, location: 2F 3-2: Base on Balls Mark Jordan to third Bryan Atkins to second
|
Batting: LHB Danny Powell
|
0-0: Foul Ball, location: 2F 0-1: Foul Ball, location: 2F 0-2: Fly out, F4 (Popup, 34S)
|
Bottom of the 1st over - 0 runs, 1 hit, 0 errors, 3 left on base; Oklahoma State 0 - Purdue 0 |
TOP OF THE 2ND |
Oklahoma State Cowboys batting - Pitching for Purdue Boilermakers : RHP Bill Washington
|
Batting: RHB Geoffrey Billings
|
0-0: Ball 1-0: Foul Ball, location: 2F 1-1: Foul Ball, location: 2F 1-2: Ball 2-2: Strikes out swinging
|
Batting: SHB Steve Miner
|
0-0: Called Strike 0-1: Ball 1-1: Swinging Strike 1-2: Strikes out swinging
|
Batting: RHB Tony Swanson
|
0-0: Ball 1-0: Ball 2-0: Called Strike 2-1: Ball 3-1: Called Strike 3-2: Fly out, F7 (Flyball, 7S)
|
Top of the 2nd over - 0 runs, 0 hits, 0 errors, 0 left on base; Oklahoma State 0 - Purdue 0 |
BOTTOM OF THE 2ND |
Purdue Boilermakers batting - Pitching for Oklahoma State Cowboys : RHP Mike Williams
|
Batting: SHB Guy Chávez
|
0-0: Called Strike 0-1: Ball 1-1: Ball 2-1: Foul Ball, location: 2F 2-2: Fly out, F9 (Flyball, 89D)
|
Batting: RHB Dan Osborne
|
0-0: Called Strike 0-1: Foul Ball, location: 2F 0-2: Strikes out swinging
|
Batting: LHB Norm St. John
|
0-0: Ball 1-0: Called Strike 1-1: Called Strike 1-2: Strikes out swinging
|
Bottom of the 2nd over - 0 runs, 0 hits, 0 errors, 0 left on base; Oklahoma State 0 - Purdue 0 |
TOP OF THE 3RD |
Oklahoma State Cowboys batting - Pitching for Purdue Boilermakers : RHP Bill Washington
|
Batting: RHB Álex Guzmán
|
0-0: Called Strike 0-1: Ball 1-1: Ball 2-1: Foul Ball, location: 2F 2-2: Strikes out swinging
|
Batting: SHB Enrique Martínez
|
0-0: SINGLE (Flyball, 78S)
|
Batting: RHB Stephen Olvera
|
0-0: Swinging Strike 0-1: Called Strike 0-2: Foul Ball, location: 2F 0-2: Strikes out swinging
|
Batting: RHB Ricardo Toledo
|
0-0: Swinging Strike 0-1: Foul Ball, location: 2F 0-2: Ball 1-2: Ball 2-2: Strikes out swinging
|
Top of the 3rd over - 0 runs, 1 hit, 0 errors, 1 left on base; Oklahoma State 0 - Purdue 0 |
BOTTOM OF THE 3RD |
Purdue Boilermakers batting - Pitching for Oklahoma State Cowboys : RHP Mike Williams
|
Batting: RHB Aaron Baker
|
0-0: Ground out 5-3 (Groundball, 25)
|
Batting: RHB Mark Jordan
|
0-0: Swinging Strike 0-1: Ball 1-1: Foul Ball, location: 2F 1-2: Foul Ball, location: 2F 1-2: Ball 2-2: Foul Ball, location: 2F 2-2: SINGLE (Line Drive, 34D)
|
Batting: SHB Bryan Atkins
|
0-0: Ball 1-0: Swinging Strike 1-1: Ball 2-1: Grounds into double play, 1-6-3 (Groundball, P)
|
Bottom of the 3rd over - 0 runs, 1 hit, 0 errors, 0 left on base; Oklahoma State 0 - Purdue 0 |
TOP OF THE 4TH |
Oklahoma State Cowboys batting - Pitching for Purdue Boilermakers : RHP Bill Washington
|
Batting: SHB Simon Spencer
|
0-0: Foul Ball, location: 2F 0-1: Ball 1-1: Ball 2-1: Foul Ball, location: 2F 2-2: Foul Ball, location: 2F 2-2: Ball 3-2: Base on Balls
|
Batting: SHB Jacob Lachance
|
0-0: Called Strike 0-1: Foul Ball, location: 2F 0-2: Ball 1-2: Strikes out swinging
|
Batting: RHB Geoffrey Billings
|
0-0: DOUBLE (Groundball, 5L) Simon Spencer to third Runner from 3rd tries for Home, SAFE, no throw
|
Batting: SHB Steve Miner
|
0-0: Ball 1-0: Called Strike 1-1: Foul Ball, location: 2F 1-2: Ground out 1-3 (Groundball, 15S)
|
Batting: RHB Tony Swanson
|
0-0: Swinging Strike 0-1: Swinging Strike 0-2: Ball 1-2: Strikes out swinging, 2-3 out at first.
|
Top of the 4th over - 1 run, 1 hit, 0 errors, 1 left on base; Oklahoma State 1 - Purdue 0 |
BOTTOM OF THE 4TH |
Purdue Boilermakers batting - Pitching for Oklahoma State Cowboys : RHP Mike Williams
|
Batting: RHB Reggie Calhoun
|
0-0: Foul Ball, location: 2F 0-1: Ball 1-1: Ball 2-1: Ball 3-1: Base on Balls
|
Batting: RHB Ryan Carpenter
|
0-0: Ball 1-0: Called Strike 1-1: Foul Ball, location: 2F 1-2: Strikes out swinging
|
Batting: LHB Danny Powell
|
0-0: Reached on error, E6 (Groundball, 6S) Reggie Calhoun to second
|
Batting: SHB Guy Chávez
|
0-0: Called Strike 0-1: 3-RUN HOME RUN (Line Drive, 9D), Distance : 380 ft
|
Batting: RHB Dan Osborne
|
0-0: Swinging Strike 0-1: Swinging Strike 0-2: Ball 1-2: Strikes out swinging
|
Batting: LHB Norm St. John
|
0-0: Ball 1-0: Called Strike 1-1: Ball 2-1: Foul Ball, location: 2F 2-2: Ball 3-2: Base on Balls
|
Batting: RHB Aaron Baker
|
0-0: Hit by Pitch Norm St. John to second
|
Batting: RHB Mark Jordan
|
0-0: Foul Ball, location: 2F 0-1: Ball 1-1: Ball 2-1: Ground out 6-3 (Groundball, 6S)
|
Bottom of the 4th over - 3 runs, 1 hit, 1 error, 2 left on base; Oklahoma State 1 - Purdue 3 |
TOP OF THE 5TH |
Oklahoma State Cowboys batting - Pitching for Purdue Boilermakers : RHP Bill Washington
|
Batting: RHB Álex Guzmán
|
0-0: Ball 1-0: Ball 2-0: Ball 3-0: Base on Balls
|
Batting: SHB Enrique Martínez
|
0-0: SINGLE (Line Drive, 89S) Álex Guzmán to second
|
Batting: RHB Stephen Olvera
|
0-0: SINGLE (Groundball, 6MS) (infield hit) Álex Guzmán to third Enrique Martínez to second
|
Batting: RHB Ricardo Toledo
|
0-0: Ball 1-0: Ball 2-0: Ball 3-0: Called Strike 3-1: Foul Ball, location: 2F 3-2: Base on Balls Álex Guzmán scores Enrique Martínez to third Stephen Olvera to second
|
Batting: SHB Simon Spencer
|
0-0: Fly out, F7 (Flyball, 78S) Runner from 3rd tags up, SCORES, no throw
|
Batting: SHB Jacob Lachance
|
0-0: Ball 1-0: Foul Ball, location: 2F 1-1: Ball 2-1: Swinging Strike 2-2: Ball 3-2: Fly out, F9 (Flyball, 9)
|
Pitching: RHP Phil Dennis
|
|
Batting: RHB Geoffrey Billings
|
0-0: Called Strike 0-1: Ball 1-1: Ball 2-1: Ball 3-1: Called Strike 3-2: Base on Balls Stephen Olvera to third Ricardo Toledo to second
|
Batting: SHB Steve Miner
|
0-0: Ball 1-0: Called Strike 1-1: SINGLE (Groundball, 6D) Stephen Olvera scores Ricardo Toledo to third Geoffrey Billings to second Runner from 3rd tries for Home, SAFE, no throw
|
Batting: RHB Tony Swanson
|
0-0: Called Strike 0-1: Foul Ball, location: 2F 0-2: Ball 1-2: Ground out 4-3 (Groundball, 4)
|
Top of the 5th over - 4 runs, 3 hits, 0 errors, 2 left on base; Oklahoma State 5 - Purdue 3 |
BOTTOM OF THE 5TH |
Purdue Boilermakers batting - Pitching for Oklahoma State Cowboys : RHP Mike Williams
|
Batting: SHB Bryan Atkins
|
0-0: Called Strike 0-1: Ball 1-1: Foul Ball, location: 2F 1-2: Ball 2-2: Strikes out swinging
|
Batting: RHB Reggie Calhoun
|
0-0: Ball 1-0: Foul Ball, location: 2F 1-1: Called Strike 1-2: Strikes out swinging
|
Batting: RHB Ryan Carpenter
|
0-0: Foul Ball, location: 2F 0-1: Foul Ball, location: 2F 0-2: Ball 1-2: Foul Ball, location: 2F 1-2: SOLO HOME RUN (Flyball, 7D), Distance : 414 ft
|
Batting: LHB Danny Powell
|
0-0: Called Strike 0-1: Ball 1-1: Ball 2-1: Fly out, F4 (Line Drive, 4)
|
Bottom of the 5th over - 1 run, 1 hit, 0 errors, 0 left on base; Oklahoma State 5 - Purdue 4 |
TOP OF THE 6TH |
Oklahoma State Cowboys batting - Pitching for Purdue Boilermakers : RHP Phil Dennis
|
Batting: RHB Álex Guzmán
|
0-0: DOUBLE (Line Drive, 5D)
|
Batting: SHB Enrique Martínez
|
0-0: Ball 1-0: Ball 2-0: Ball 3-0: Called Strike 3-1: Foul Ball, location: 2F 3-2: Base on Balls
|
Batting: RHB Stephen Olvera
|
0-0: Ball 1-0: Ball 2-0: Ball 3-0: Base on Balls Álex Guzmán to third Enrique Martínez to second
|
Batting: RHB Ricardo Toledo
|
0-0: Ball 1-0: Ball 2-0: Called Strike 2-1: Swinging Strike 2-2: Ball 3-2: Base on Balls Álex Guzmán scores Enrique Martínez to third Stephen Olvera to second
|
Batting: SHB Simon Spencer
|
0-0: Ball 1-0: Foul Ball, location: 2F 1-1: Fly out, F9 (Flyball, 9S) Runner from 3rd tags up, SCORES, throw made
|
Pitching: RHP Ken Gardner
|
|
Batting: SHB Jacob Lachance
|
0-0: Ball 1-0: Ball 2-0: Foul Ball, location: 2F 2-1: Called Strike 2-2: Foul Ball, location: 2F 2-2: Fielders Choice at 2nd, 1-6 (Groundball, 13S) Stephen Olvera to third
|
Batting: RHB Geoffrey Billings
|
0-0: Ball 1-0: Ball 2-0: Ball 3-0: Called Strike 3-1: Fly out, F3 (Popup, 3SF)
|
Top of the 6th over - 2 runs, 1 hit, 0 errors, 2 left on base; Oklahoma State 7 - Purdue 4 |
BOTTOM OF THE 6TH |
Purdue Boilermakers batting - Pitching for Oklahoma State Cowboys : RHP Mike Williams
|
Pitching: RHP Pedro Jiménez
|
|
Batting: SHB Guy Chávez
|
0-0: Ball 1-0: Called Strike 1-1: Fly out, F5 (Popup, 5F)
|
Batting: RHB Dan Osborne
|
0-0: SINGLE (Groundball, 56D)
|
Batting: LHB Norm St. John
|
0-0: Foul Ball, location: 2F 0-1: Ball 1-1: Ball 2-1: Ball 3-1: Foul Ball, location: 2F 3-2: Strikes out looking
|
Batting: RHB Aaron Baker
|
0-0: Called Strike 0-1: SINGLE (Line Drive, 89M) Dan Osborne to second
|
Batting: RHB Mark Jordan
|
0-0: Called Strike 0-1: Ball Wild Pitch! Dan Osborne to third Aaron Baker to second 1-1: Ball 2-1: Called Strike 2-2: Strikes out swinging
|
Bottom of the 6th over - 0 runs, 2 hits, 0 errors, 2 left on base; Oklahoma State 7 - Purdue 4 |
TOP OF THE 7TH |
Oklahoma State Cowboys batting - Pitching for Purdue Boilermakers : RHP Ken Gardner
|
Batting: SHB Steve Miner
|
0-0: SOLO HOME RUN (Flyball, 9LD), Distance : 341 ft
|
Batting: RHB Tony Swanson
|
0-0: Called Strike 0-1: Ball 1-1: Called Strike 1-2: Foul Ball, location: 2F 1-2: Fly out, F9 (Flyball, 9D)
|
Batting: RHB Álex Guzmán
|
0-0: Called Strike 0-1: Foul Ball, location: 2F 0-2: Foul Ball, location: 2F 0-2: Ground out 1-3 (Groundball, 13)
|
Batting: SHB Enrique Martínez
|
0-0: Ball 1-0: Ball 2-0: Swinging Strike 2-1: Ball 3-1: SINGLE (Groundball, 6MD)
|
Batting: RHB Stephen Olvera
|
0-0: Ball 1-0: Ball 2-0: Called Strike 2-1: Ball 3-1: Base on Balls Enrique Martínez to second
|
Pitching: RHP Ron Williams
|
|
Batting: RHB Ricardo Toledo
|
0-0: Ball 1-0: Ball 2-0: Ball 3-0: Base on Balls Enrique Martínez to third Stephen Olvera to second
|
Batting: SHB Simon Spencer
|
0-0: Ball 1-0: SINGLE (Line Drive, 78M) Enrique Martínez scores Stephen Olvera to third Ricardo Toledo to second Runner from 3rd tries for Home, SAFE, throw made home
|
Batting: SHB Jacob Lachance
|
0-0: Called Strike 0-1: Ball 1-1: Foul Ball, location: 2F 1-2: Strikes out swinging
|
Top of the 7th over - 3 runs, 3 hits, 0 errors, 2 left on base; Oklahoma State 10 - Purdue 4 |
BOTTOM OF THE 7TH |
Purdue Boilermakers batting - Pitching for Oklahoma State Cowboys : RHP Pedro Jiménez
|
Batting: SHB Bryan Atkins
|
0-0: Ball 1-0: Ball 2-0: Ground out 5-3 (Groundball, 56)
|
Batting: RHB Reggie Calhoun
|
0-0: Ball 1-0: Foul Ball, location: 2F 1-1: Ground out U3 (Groundball, 34)
|
Batting: RHB Ryan Carpenter
|
0-0: Foul Ball, location: 2F 0-1: Ball 1-1: Called Strike 1-2: Foul Ball, location: 2F 1-2: Foul Ball, location: 2F 1-2: Ground out 3-1 (Groundball, 34S)
|
Bottom of the 7th over - 0 runs, 0 hits, 0 errors, 0 left on base; Oklahoma State 10 - Purdue 4 |
TOP OF THE 8TH |
Oklahoma State Cowboys batting - Pitching for Purdue Boilermakers : RHP Ron Williams
|
Batting: RHB Geoffrey Billings
|
0-0: Ground out 6-3 (Groundball, 6S)
|
Batting: SHB Steve Miner
|
0-0: Ball 1-0: SOLO HOME RUN (Flyball, 7LD), Distance : 380 ft
|
Batting: RHB Tony Swanson
|
0-0: Swinging Strike 0-1: Swinging Strike 0-2: Ball 1-2: Ball 2-2: Foul Ball, location: 2F 2-2: DOUBLE (Line Drive, 78D)
|
Batting: RHB Álex Guzmán
|
0-0: Fly out, F8 (Line Drive, 8RM)
|
Batting: SHB Enrique Martínez
|
0-0: Ball 1-0: SINGLE (Line Drive, 9LM) Tony Swanson to third Runner from 3rd tries for Home, SAFE, no throw
|
Batting: RHB Stephen Olvera
|
0-0: Called Strike 0-1: Swinging Strike 0-2: Ball 1-2: Ball 2-2: Strikes out swinging
|
Top of the 8th over - 2 runs, 3 hits, 0 errors, 1 left on base; Oklahoma State 12 - Purdue 4 |
BOTTOM OF THE 8TH |
Purdue Boilermakers batting - Pitching for Oklahoma State Cowboys : RHP Pedro Jiménez
|
Batting: LHB Danny Powell
|
0-0: Ball 1-0: Foul Ball, location: 2F 1-1: Swinging Strike 1-2: Foul Ball, location: 2F 1-2: Ball 2-2: SINGLE (Groundball, 6D)
|
Batting: SHB Guy Chávez
|
0-0: Swinging Strike 0-1: Swinging Strike 0-2: Ball 1-2: Ball 2-2: Fly out, F4 (Line Drive, 4)
|
Batting: RHB Dan Osborne
|
0-0: Swinging Strike 0-1: Ball 1-1: SINGLE (Groundball, 4D) Danny Powell to second Runner from 2nd tries for 3rd, SAFE, no throw
|
Batting: LHB Norm St. John
|
0-0: Ball 1-0: Grounds into double play, 4-6-3 (Groundball, 4)
|
Bottom of the 8th over - 0 runs, 2 hits, 0 errors, 1 left on base; Oklahoma State 12 - Purdue 4 |
TOP OF THE 9TH |
Oklahoma State Cowboys batting - Pitching for Purdue Boilermakers : RHP Ron Williams
|
Pitching: RHP Kelsey Payne
|
|
Batting: RHB Ricardo Toledo
|
0-0: Ball 1-0: Ball 2-0: Ball 3-0: Called Strike 3-1: Swinging Strike 3-2: Base on Balls
|
Batting: SHB Simon Spencer
|
Pickoff Throw to First - Out! 0-0: Ball 1-0: Called Strike 1-1: Ball 2-1: SINGLE (Groundball, 4MD)
|
Batting: SHB Jacob Lachance
|
0-0: Called Strike 0-1: Called Strike 0-2: Ball 1-2: Ball 2-2: Ball 3-2: Fielders Choice at 2nd, 6-4 (Groundball, 6)
|
Batting: RHB Geoffrey Billings
|
0-0: Called Strike 0-1: Called Strike 0-2: Ball 1-2: Ball 2-2: Foul Ball, location: 2F 2-2: Strikes out swinging
|
Top of the 9th over - 0 runs, 1 hit, 0 errors, 1 left on base; Oklahoma State 12 - Purdue 4 |
BOTTOM OF THE 9TH |
Purdue Boilermakers batting - Pitching for Oklahoma State Cowboys : RHP Pedro Jiménez
|
Batting: RHB Aaron Baker
|
0-0: Called Strike 0-1: Ball 1-1: Called Strike 1-2: SINGLE (Line Drive, 8RS)
|
Batting: RHB Mark Jordan
|
0-0: SINGLE (Flyball, 7LS) Aaron Baker to second
|
Batting: SHB Bryan Atkins
|
0-0: Ball 1-0: Ball 2-0: Ball Wild Pitch! Aaron Baker to third Mark Jordan to second 3-0: Base on Balls
|
Batting: RHB Reggie Calhoun
|
0-0: Ball 1-0: Fly out, F7 (Flyball, 78M) Runner from 3rd tags up, SCORES, no throw
|
Pitching: RHP Preston Holman
|
|
Batting: RHB Ryan Carpenter
|
0-0: Foul Ball, location: 2F 0-1: Ball 1-1: Ball 2-1: Foul Ball, location: 2F 2-2: Foul Ball, location: 2F 2-2: DOUBLE (Line Drive, 7LS) Mark Jordan scores Bryan Atkins to third
|
Batting: LHB Danny Powell
|
0-0: Ball 1-0: Called Strike 1-1: Ground out 4-3 (Groundball, 4) Bryan Atkins scores Ryan Carpenter to third
|
Batting: SHB Guy Chávez
|
0-0: Ball 1-0: Ball 2-0: Swinging Strike 2-1: Called Strike 2-2: Strikes out looking
|
Bottom of the 9th over - 3 runs, 3 hits, 0 errors, 1 left on base; Oklahoma State 12 - Purdue 7 |
|